 Dungeon Crawl Stone Soup version 0.29-a0-322-g68df515428 (console) character file.

Game seed: 7360404106674078821

73 xyria the Magician (level 4, -4/34 HPs)
             Began as a Mummy Wanderer on Apr 9, 2022.
             Splashed by a jelly's acid (5 damage)
             ... on level 3 of the Dungeon.
             The game lasted 00:03:30 (2491 turns).

xyria the Magician (Mummy Wanderer)                 Turns: 2491, Time: 00:03:30

Health: -4/34      AC:  1    Str: 15    XL:     4   Next: 8%
Magic:  8/8        EV:  5    Int: 12    God:
Gold:   153        SH:  4    Dex: 12    Spells: 7/8 levels left

rFire   x . .      SeeInvis +   f - +1 dagger (speed)
rCold   + . .      Faith    .   b - +0 buckler
rNeg    + + +      Spirit   .   a - +0 chain mail
rPois   ∞          Reflect  .   (no helmet)
rElec   .          Harm     .   (no cloak)
rCorr   .          Rampage  .   (no gloves)
Will    +....                   i - +0 pair of boots
Stlth   ..........              (no amulet)
HPRegen 0.11/turn               d - ring of see invisible
MPRegen 0.11/turn               j - ring of willpower

@: corroded
A: cold resistance 1, negative energy resistance 3, torment resistance 2, heat
vulnerability 1, in touch with death 1, no potions
a: no special abilities


You were on level 3 of the Dungeon.
You visited 1 branch of the dungeon, and saw 3 of its levels.

You collected 153 gold pieces.

Inventory:

Hand Weapons
 f - a +1 dagger of speed (weapon)
Missiles
 p - 6 poisoned darts
Armour
 a - a +0 chain mail (worn)
 b - a +0 buckler (worn)
 i - a +0 pair of boots (worn)
Jewellery
 d - a ring of see invisible (left hand)
 j - a ring of willpower (right hand)
 l - a ring of wizardry
Scrolls
 c - a scroll of fog
 e - 2 scrolls of teleportation
 g - 2 scrolls of fear {unknown}
 h - 3 scrolls of identify {unknown}
 k - a scroll of amnesia {unknown}
 m - a scroll of enchant weapon {unknown}
 n - 3 scrolls of enchant armour {unknown}
 o - a scroll of immolation {unknown}


   Skills:
 * Level 2.6 Fighting
 + Level 1.0 Throwing
 + Level 1.1 Armour
 + Level 1.8 Shields
 - Level 2.4 Unarmed Combat
 - Level 2.6 Spellcasting
 - Level 2.4 Translocations


You had 7 spell levels left.
You knew the following spells:

 Your Spells              Type           Power      Damage    Failure   Level
a - Apportation           Tloc           14%        N/A       96%         1

Your spell library contained the following spells:

 Spells                   Type           Power      Damage    Failure   Level
 Shock                    Conj/Air       4%         1d3       100%        1
 Lesser Beckoning         Tloc           7%         N/A       100%        3
 Portal Projectile        Hex/Tloc       8%         N/A       100%        3
 Swiftness                Air            1%         N/A       100%        3
 Airstrike                Air            0%         N/A       100%        4


Dungeon Overview and Level Annotations

Branches:
Dungeon (3/15)

Altars:

Shops:
D:2 *

Annotations:
D:3 Terence


Innate Abilities, Weirdness & Mutations

You are immune to poison.
Your flesh is cold resistant. (rC+)
You are immune to negative energy. (rN+++)
You are immune to unholy pain and torment.
You are vulnerable to heat. (rF-)
You are in touch with the powers of death.
You do not drink.


Message History

HP restored.
You see here a +0 ring mail.
Found a stone staircase leading down.
There is a stone staircase leading down here.
Found a stone staircase leading down.
e - 2 scrolls of teleportation (gained 1)
Found an amethyst potion.
You see here an amethyst potion.
There is a stone staircase leading down here.
A jelly comes into view.
The jelly quivers.
A jelly is nearby!
You hit the jelly.
Your hands burn!
The jelly is lightly wounded.
The jelly hits you but does no damage.
You hit the jelly.
Your hands burn!
The jelly is moderately wounded.
You hit the jelly.
Your hands burn!
The jelly is heavily wounded.
The jelly hits you. The acid corrodes you!
You are splashed with acid!
You hit the jelly.
Your hands burn!
The jelly is severely wounded.
The jelly barely misses you.
You hit the jelly.
Your hands burn!
* * * LOW HITPOINT WARNING * * *
The jelly is almost dead.
You hit the jelly but do no damage.
Your hands burn!
* * * LOW HITPOINT WARNING * * *
The jelly is almost dead.
The jelly hits you but does no damage.
You hit the jelly but do no damage.
Your hands burn!
* * * LOW HITPOINT WARNING * * *
The jelly is almost dead.
The jelly hits you but does no damage.
You hit the jelly but do no damage.
Your hands burn!
* * * LOW HITPOINT WARNING * * *
The jelly is almost dead.
The jelly hits you but does no damage.
You hit the jelly but do no damage. The acid corrodes you!
Your hands burn!
You die...

.................!...######.#
............................#
.....................######.#
.....................#......#
###################..#.######
#.................#..#.#
#.................#..#.######
#....[.........J..#.........#
#.÷#############@.>....####.#
'..#...........#..#..###
#..#...........#..#..#
#..#...........#..#..####
#..#...........#..#.....#
#..#...........#..#..##.#
#..#...........#..#..##.#
#..+...........#..#.....#
#..###'###...###..#..####


You could see a jelly.

Vanquished Creatures
  An adder (D:3)
  A worm (D:3)
  2 dart slugs
  2 ball pythons (D:1)
  6 endoplasms
  4 giant cockroaches
  3 goblins
  3 hobgoblins
  4 jackals (D:2)
  3 quokkas
  8 bats
  5 frilled lizards
  6 kobolds
  5 rats
53 creatures vanquished.

Notes
Turn   | Place    | Note
-------+----------+-------------------------------------------
     0 | D:1      | xyria the Mummy Wanderer began the quest for the Orb.
     0 | D:1      | xyria set off with the following items: a +0 club, a +0
                  | buckler, a scroll of fog, a +0 leather armour, a scroll of
                  | teleportation; and the following spell memorised:
                  | Apportation; and the following spells available to
                  | memorise: Lesser Beckoning, Portal Projectile
     0 | D:1      | Reached XP level 1. HP: 13/13 MP: 4/4
   261 | D:1      | Reached skill level 1 in Fighting
   334 | D:1      | Reached XP level 2. HP: 21/21 MP: 5/5
   963 | D:1      | Gained mutation: You are in touch with the powers of death.
                  | [Mummy growth]
   963 | D:1      | Reached XP level 3. HP: 27/27 MP: 7/7
  1431 | D:2      | Found Baut's General Store.
  1795 | D:3      | Reached skill level 1 in Armour
  2025 | D:3      | Noticed Terence
  2147 | D:3      | Reached XP level 4. HP: 33/34 MP: 8/8
  2489 | D:3      | HP: 1/34 [acid (4)]
  2491 | D:3      | Splashed by a jelly's acid

Illustrated notes

Levels and vault maps discovered:
D:1:      dpeg_arrival_long_road, layout_basic
D:2:      layout_rooms, serial_shops, nicolae_shop_waterfront
D:3:      layout_basic, uniq_terence

Skill      XL: |  1  2  3 |
---------------+----------+-----
Fighting       | 1 2 |  2.6
Armour         | 1 |  1.1
Throwing       | |  1.0
Shields        | |  1.8
Unarmed Combat | |  2.4
Spellcasting   | |  2.6
Translocations | |  2.4

Action                   |  1- 3 |  4- 6 || total
-------------------------+-------+-------++-------
Melee: Dagger            |   252 |    31 ||   283
       Club              |    10 |       ||    10
Armor: Chain mail        |   123 |     7 ||   130
       Leather armour    |     3 |       ||     3
Dodge: Dodged            |    57 |     3 ||    60
Block: Buckler           |    45 |     1 ||    46

Table legend: (Time is in decaauts)
 A = Elapsed time spent in this place.
 B = Non-inter-level travel time spent in this place.
 C = Inter-level travel time spent in this place.
 D = Time resting spent in this place.
 E = Time spent auto-exploring this place.
 F = Levels seen in this place.
 G = Mean time per level.
                   A        B        C        D        E       F      G
               +--------+--------+--------+--------+--------+-----+--------+
         Total |   2411 |   2323 |     88 |    577 |   1205 |   3 |  803.7 |
       Dungeon |   2411 |   2323 |     88 |    577 |   1205 |   3 |  803.7 |
               +--------+--------+--------+--------+--------+-----+--------+

Top non-repeatable levels by time:
     D:1: 1129 daAuts
     D:3: 769 daAuts
     D:2: 512 daAuts
